Blues vs Sabres

Created - Thursday, February 05, 2015 at 23:29

Goals
1 2 3 T
Blues 1 1 0 2
Sabres 4 0 1 5
Shots
1 2 3 T
Blues 12 8 10 30
Sabres 21 3 8 32

1st period

1. Sabres , Gustav Nyquist 12 (Eric Brewer, Henrik Zetterberg) at 5:31
2. Sabres , Gustav Nyquist 13 (Alex Pietrangelo) at 7:38
3. Blues , Rick Nash 23 (Steve Ott) at 8:06
4. Sabres , David Perron 18 (Sidney Crosby, Blake Wheeler) at 15:39
5. Sabres , Henrik Zetterberg 34 (Jay Bouwmeester, Gustav Nyquist) at 15:55

Penalties :
Bryan Allen (StL) for Hooking (Minor) at 10:15

2nd period

6. Blues , Matt Donovan 5 (Johan Franzen, Tomas Tatar) at 18:26 (PP)

Penalties :
Steve Downie (Buf) for Hooking (Minor) at 3:18, Matt Stajan (Buf) for High sticking (Minor) at 15:31, Sidney Crosby (Buf) for Roughing (Minor) at 18:18

3rd period

7. Sabres , Blake Wheeler 24 (Henrik Zetterberg) at 3:16 (PP)

Penalties :
Kevan Miller (StL) for Hooking (Minor) at 1:47

Goalie Stats

Henrik Lundqvist (StL), 12 saves from 13 shots - (0.923), 44:05 minutes
Frederik Andersen (StL), 15 saves from 19 shots - (0.789), L, 3-3-0, 15:55 minutes
Josh Harding (Buf), 28 saves from 30 shots - (0.933), W, 20-9-3, 60:00 minutes

Players Stats for Blues

Player Name              G  A  P  +/- PIM S  H  SB GA TA FO     MP     PP MP  PK MP  
------------------------------------------------------------------------------------
Anders Lee               0  0  0   0  0   1  0  1  2  0  1/2    10:27   1:47   0:00 
Andrew Desjardins        0  0  0  -1  0   1  0  0  0  1  2/6    14:36   0:00   0:00 
Artem Anisimov           0  0  0  -2  0   2  0  1  2  0  0/0    18:00   0:00   0:00 
Blair Jones              0  0  0   0  0   0  1  0  0  0  2/3     7:57   0:00   0:00 
Brandon Saad             0  0  0  -1  0   1  1  0  1  0  0/0    18:17   2:19   1:57 
Bryan Allen              0  0  0  -1  2   0  1  6  0  1  0/0    21:37   0:00   0:26 
Cam Atkinson             0  0  0  -1  0   4  0  1  2  0  0/0    15:21   0:00   0:00 
Hampus Lindholm          0  0  0  -3  0   1  1  1  0  0  0/0    15:52   1:49   0:00 
Johan Franzen            0  1  1   0  0   4  2  0  0  1  2/3    21:31   1:47   1:31 
Josh Gorges              0  0  0   1  0   1  0  2  0  2  0/0    18:39   2:17   0:00 
Kevan Miller             0  0  0   1  2   0  2  0  0  1  0/0    18:24   0:00   1:59 
Mark Fayne               0  0  0  -3  0   0  1  0  0  3  0/0    17:59   0:00   3:02 
Matt Donovan             1  0  1  -1  0   2  0  1  0  0  0/0     7:24   1:49   0:00 
Rick Nash                1  0  1  -2  0   8  0  0  3  0  0/1    19:11   2:19   0:00 
Sean Couturier           0  0  0   0  0   3  0  1  0  1  6/20   16:40   2:19   1:57 
Steve Ott                0  1  1  -2  0   0  2  0  0  0  7/13   18:59   0:00   1:31 
Tomas Tatar              0  1  1   0  0   1  0  2  4  0  0/0    15:28   1:47   0:00 
Zdeno Chara              0  0  0   0  0   1  1  3  0  2  0/0    20:08   2:17   1:29 

Players Stats for Sabres

Player Name              G  A  P  +/- PIM S  H  SB GA TA FO     MP     PP MP  PK MP  
------------------------------------------------------------------------------------
Alec Martinez            0  0  0   0  0   0  0  0  0  1  0/0    15:09   1:45   0:00 
Alex Pietrangelo         0  1  1   0  0   2  2  2  2  2  0/0    24:37   1:43   2:06 
Blake Wheeler            1  1  2   1  0   2  1  0  3  0  0/0    18:49   1:46   0:00 
Brooks Orpik             0  0  0   1  0   0  1  1  0  1  0/0    22:21   1:45   2:06 
Chris Higgins            0  0  0   0  0   2  1  0  2  0  1/1    12:54   0:00   2:39 
David Perron             1  0  1   1  0   3  1  0  1  0  0/0    18:40   1:42   0:00 
Dwight King              0  0  0   0  0   1  1  0  0  0  0/0    10:14   0:00   0:00 
Eric Brewer              0  1  1   3  0   1  3  1  0  1  0/0    20:14   0:00   2:00 
Gustav Nyquist           2  1  3   2  0   4  3  0  1  0  0/0    17:04   1:46   0:00 
Henrik Zetterberg        1  2  3   2  0   5  3  0  3  0  2/3    19:31   1:46   1:49 
Jay Bouwmeester          0  1  1   2  0   2  0  2  1  0  0/0    24:15   1:43   2:00 
Marc-Andre Cliche        0  0  0   0  0   1  0  0  0  1  0/0     9:18   0:00   0:00 
Matt Stajan              0  0  0   0  2   0  1  0  1  0  5/5    11:22   0:00   1:08 
Sidney Crosby            0  1  1   1  2   5  4  1  4  0  9/14   19:07   1:42   0:28 
Stephane Robidas         0  0  0   0  0   1  0  1  0  0  0/0    13:24   0:00   0:00 
Steve Downie             0  0  0   0  2   1  1  0  3  1  0/0     9:54   0:00   0:00 
Steven Stamkos           0  0  0   2  0   2  1  0  1  1  8/13   16:55   1:42   0:00 
Will Acton               0  0  0   0  0   0  1  0  0  0  3/12   12:03   0:00   2:08 

3 Stars

1 - Gustav Nyquist (Buf)
2 - Henrik Zetterberg (Buf)
3 - Blake Wheeler (Buf)

Power Play

Blues - 1 on 3 Attempt(s) - 33.33%
Sabres - 1 on 2 Attempt(s) - 50.00%

Penalty Kill

Blues - 1 on 2 Attempt(s) - 50.00% - Score 0 goal in Penalty Kill
Sabres - 2 on 3 Attempt(s) - 66.67% - Score 0 goal in Penalty Kill

Team Stat

Blues - Hits : 12 - Faceoff Wins : 20 - Blocked Shots : 19 - Penalty Minutes : 4
Sabres - Hits : 24 - Faceoff Wins : 28 - Blocked Shots : 8 - Penalty Minutes : 6

Official

Referees : Unknown
Linesman : Unknown

Game Notes

8:02 of 1st period - Blues goal is going for a video replay. After video review, No Goal. The puck has deflected directly into the net off by an official.
Henrik Lundqvist enters game at 15:55 of 1st period

Finance

Level 1 -- Attendance: 5606 (93.43%) -- Ticket Income $431,662
Level 2 -- Attendance: 4677 (93.54%) -- Ticket Income $205,788
Level 3 -- Attendance: 1985 (99.25%) -- Ticket Income $55,580
Level 4 -- Attendance: 3730 (93.25%) -- Ticket Income $48,490
Luxury Box -- Attendance: 915 (91.50%) -- Ticket Income $160,125
Game was played at the HSBC Arena'
Total Attendance: 16913 (93.96%)
Total Ticket Income: $901,645
Other Income: $441,806
Total Income: $1,343,451

Blues

5 vs 5 Forward 
   Center                   Left Wing                Right Wing               Time % Phy DF OF 
 1 Sean Couturier           Johan Franzen            Tomas Tatar              34     0   2  3  
 2 Steve Ott                Artem Anisimov           Rick Nash                30     0   2  3  
 3 Andrew Desjardins        Brandon Saad             Cam Atkinson             24     0   3  2  
 4 Blair Jones              Anders Lee               Johan Franzen            12     1   2  2  

5 vs 5 Defense 
   Defense                  Defense                                           Time % Phy DF OF 
 1 Zdeno Chara              Bryan Allen                                       35     1   2  2  
 2 Kevan Miller             Josh Gorges                                       32     1   2  2  
 3 Mark Fayne               Hampus Lindholm                                   19     1   2  2  
 4 Matt Donovan             Bryan Allen                                       14     1   2  2  

PowerPlay Forward 
   Center                   Left Wing                Right Wing               Time % Phy DF OF 
 1 Sean Couturier           Brandon Saad             Rick Nash                50     1   1  3  
 2 Anders Lee               Johan Franzen            Tomas Tatar              50     1   1  3  

PowerPlay Defense
   Defense                  Defense                                           Time % Phy DF OF 
 1 Zdeno Chara              Josh Gorges                                       50     1   1  3  
 2 Hampus Lindholm          Matt Donovan                                      50     1   1  3  

Penalty Kill 4 Players Forward 
   Center                   Wing                     Time % Phy DF OF 
 1 Sean Couturier           Brandon Saad             50     1   4  0  
 2 Steve Ott                Johan Franzen            50     1   4  0  

Penalty Kill 4 Players Defense
   Defense                  Defense                  Time % Phy DF OF 
 1 Zdeno Chara              Bryan Allen              50     2   3  0  
 2 Mark Fayne               Kevan Miller             50     2   3  0  

Penalty Kill - 3 Players Forward 
   Forward                                           Time % Phy DF OF 
 1 Sean Couturier                                    50     1   4  0  
 2 Artem Anisimov                                    50     1   4  0  

Penalty Kill - 3 Players Defense
   Defense                  Defense                  Time % Phy DF OF 
 1 Zdeno Chara              Bryan Allen              50     2   3  0  
 2 Josh Gorges              Kevan Miller             50     2   3  0  

4 vs 4 Forward 
   Center                   Wing                     Time % Phy DF OF 
 1 Sean Couturier           Rick Nash                50     1   3  1  
 2 Johan Franzen            Anders Lee               50     1   3  1  

4 vs 4 Defense
   Defense                  Defense                  Time % Phy DF OF 
 1 Zdeno Chara              Josh Gorges              50     1   3  1  
 2 Mark Fayne               Bryan Allen              50     1   3  1  

Last Minutes Offensive
   Center                   Left Wing                Right Wing               Defense                  Defense                  
   Sean Couturier           Brandon Saad             Rick Nash                Zdeno Chara              Josh Gorges              

Last Minutes Defensive
   Center                   Left Wing                Right Wing               Defense                  Defense                  
   Sean Couturier           Steve Ott                Rick Nash                Zdeno Chara              Josh Gorges              

Goaltenders
Starting : Frederik Andersen        
Backup : Henrik Lundqvist         

Extra Forwards
Normal : Tomas Tatar, Cam Atkinson, Andrew Desjardins - PP : Tomas Tatar, Cam Atkinson - PK : Andrew Desjardins
Extra Defensemen
Normal : Kevan Miller, Bryan Allen, Josh Gorges - PP : Kevan Miller - PK : Zdeno Chara, Josh Gorges
Penalty Shots
Sean Couturier, Steve Ott, Rick Nash, Johan Franzen, Artem Anisimov

Sabres

5 vs 5 Forward 
   Center                   Left Wing                Right Wing               Time % Phy DF OF 
 1 Sidney Crosby            David Perron             Blake Wheeler            40     1   1  3  
 2 Steven Stamkos           Henrik Zetterberg        Gustav Nyquist           37     0   1  4  
 3 Matt Stajan              Dwight King              Chris Higgins            13     1   2  2  
 4 Will Acton               Steve Downie             Marc-Andre Cliche        10     2   2  1  

5 vs 5 Defense 
   Defense                  Defense                                           Time % Phy DF OF 
 1 Brooks Orpik             Alex Pietrangelo                                  37     1   3  1  
 2 Jay Bouwmeester          Eric Brewer                                       36     1   2  2  
 3 Alec Martinez            Stephane Robidas                                  17     1   4  0  
 4 Jay Bouwmeester          Alex Pietrangelo                                  10     1   1  3  

PowerPlay Forward 
   Center                   Left Wing                Right Wing               Time % Phy DF OF 
 1 Sidney Crosby            David Perron             Steven Stamkos           55     0   0  5  
 2 Henrik Zetterberg        Gustav Nyquist           Blake Wheeler            45     0   0  5  

PowerPlay Defense
   Defense                  Defense                                           Time % Phy DF OF 
 1 Jay Bouwmeester          Alex Pietrangelo                                  55     0   2  3  
 2 Alec Martinez            Brooks Orpik                                      45     0   2  3  

Penalty Kill 4 Players Forward 
   Center                   Wing                     Time % Phy DF OF 
 1 Matt Stajan              Chris Higgins            50     1   4  0  
 2 Will Acton               Henrik Zetterberg        50     2   3  0  

Penalty Kill 4 Players Defense
   Defense                  Defense                  Time % Phy DF OF 
 1 Brooks Orpik             Alex Pietrangelo         50     1   4  0  
 2 Eric Brewer              Jay Bouwmeester          50     1   4  0  

Penalty Kill - 3 Players Forward 
   Forward                                           Time % Phy DF OF 
 1 Matt Stajan                                       50     1   2  2  
 2 Will Acton                                        50     1   2  2  

Penalty Kill - 3 Players Defense
   Defense                  Defense                  Time % Phy DF OF 
 1 Brooks Orpik             Alex Pietrangelo         50     1   4  0  
 2 Eric Brewer              Jay Bouwmeester          50     1   4  0  

4 vs 4 Forward 
   Center                   Wing                     Time % Phy DF OF 
 1 Sidney Crosby            Blake Wheeler            50     0   1  4  
 2 Steven Stamkos           Henrik Zetterberg        50     1   1  3  

4 vs 4 Defense
   Defense                  Defense                  Time % Phy DF OF 
 1 Jay Bouwmeester          Alex Pietrangelo         50     1   2  2  
 2 Eric Brewer              Brooks Orpik             50     1   2  2  

Last Minutes Offensive
   Center                   Left Wing                Right Wing               Defense                  Defense                  
   Sidney Crosby            Henrik Zetterberg        Steven Stamkos           Jay Bouwmeester          Alex Pietrangelo         

Last Minutes Defensive
   Center                   Left Wing                Right Wing               Defense                  Defense                  
   Henrik Zetterberg        Dwight King              Chris Higgins            Brooks Orpik             Alex Pietrangelo         

Goaltenders
Starting : Josh Harding             
Backup : Evgeni Nabokov           

Extra Forwards
Normal : Steven Stamkos, Henrik Zetterberg, Gustav Nyquist - PP : David Perron, Steven Stamkos - PK : Chris Higgins
Extra Defensemen
Normal : Eric Brewer, Stephane Robidas, Brooks Orpik - PP : Eric Brewer - PK : Eric Brewer, Brooks Orpik
Penalty Shots
Steven Stamkos, Sidney Crosby, Blake Wheeler, David Perron, Henrik Zetterberg

% Time on Ice - Blues

Lines # - Real PCT - Wanted PCT - Time Play
Normal Forward
1 - 24% - 34% - 12:24
2 - 35% - 30% - 18:11
3 - 27% - 24% - 13:54
4 - 15% - 12% - 7:57
Normal Defense
1 - 31% - 35% - 16:22
2 - 31% - 32% - 16:26
3 - 27% - 19% - 14:03
4 - 11% - 14% - 5:35
PP Forward
1 - 57% - 50% - 2:19
2 - 43% - 50% - 1:47
PP Defense
1 - 56% - 50% - 2:17
2 - 44% - 50% - 1:49
PK Forward
1 - 56% - 50% - 1:57
2 - 44% - 50% - 1:31
PK Defense
1 - 13% - 50% - 0:26
2 - 88% - 50% - 3:02
PK3 Forward
1 - 0% - 50%
2 - 0% - 50%
PK3 Defense
1 - 0% - 50%
2 - 0% - 50%
44 Forward
1 - 0% - 50%
2 - 0% - 50%
44 Defense
1 - 0% - 50%
2 - 0% - 50%
Last Minute Offensive  - 0:00
Last Minute Defensive  - 0:00
Total
Forward - 60:00
Defense - 60:00

% Time on Ice - Sabres

Lines # - Real PCT - Wanted PCT - Time Play
Normal Forward
1 - 32% - 40% - 16:59
2 - 30% - 37% - 15:55
3 - 20% - 13% - 10:14
4 - 18% - 10% - 9:18
Normal Defense
1 - 35% - 37% - 18:30
2 - 35% - 36% - 18:14
3 - 26% - 17% - 13:24
4 - 4% - 10% - 2:18
PP Forward
1 - 49% - 55% - 1:42
2 - 51% - 45% - 1:46
PP Defense
1 - 50% - 55% - 1:43
2 - 50% - 45% - 1:45
PK Forward
1 - 65% - 50% - 2:39
2 - 35% - 50% - 1:27
PK Defense
1 - 51% - 50% - 2:06
2 - 49% - 50% - 2:00
PK3 Forward
1 - 0% - 50%
2 - 0% - 50%
PK3 Defense
1 - 0% - 50%
2 - 0% - 50%
44 Forward
1 - 0% - 50%
2 - 0% - 50%
44 Defense
1 - 0% - 50%
2 - 0% - 50%
Last Minute Offensive  - 0:00
Last Minute Defensive  - 0:00
Total
Forward - 60:00
Defense - 60:00

Play by Play

1st period


0:01 of 1st period - Sidney Crosby wins face-off versus Sean Couturier in neutral zone.
0:08 of 1st period - Sean Couturier is hit by Blake Wheeler and loses puck.
0:27 of 1st period - Snap shot by David Perron.
0:27 of 1st period - Stopped by Frederik Andersen with a rebound.
0:29 of 1st period - Slapshot by Alex Pietrangelo.
0:29 of 1st period - Shot Blocked by Bryan Allen.
0:31 of 1st period - Slapshot by Alex Pietrangelo.
0:31 of 1st period - Shot Blocked by Sean Couturier.
0:33 of 1st period - Snap shot by Brooks Orpik.
0:33 of 1st period - Deflect By Sidney Crosby.
0:33 of 1st period - Shot Blocked by Bryan Allen.
0:33 of 1st period - Puck is out of play.
0:34 of 1st period - Steven Stamkos wins face-off versus Steve Ott in Blues zone.
0:43 of 1st period - Wrist shot by Steven Stamkos.
0:43 of 1st period - Stopped by Frederik Andersen with a rebound.
0:45 of 1st period - Snap shot by Jay Bouwmeester.
0:45 of 1st period - Shot Misses the Net.
0:47 of 1st period - Wrist shot by Gustav Nyquist.
0:47 of 1st period - Stopped by Frederik Andersen without a rebound.
0:48 of 1st period - Steven Stamkos wins face-off versus Steve Ott in Blues zone.
0:59 of 1st period - Snap shot by Gustav Nyquist.
0:59 of 1st period - Shot Blocked by Josh Gorges.
1:01 of 1st period - Slapshot by Jay Bouwmeester.
1:01 of 1st period - Shot Misses the Net.
1:03 of 1st period - Wrist shot by Eric Brewer.
1:03 of 1st period - Stopped by Frederik Andersen without a rebound.
1:04 of 1st period - Matt Stajan wins face-off versus Andrew Desjardins in Blues zone.
1:21 of 1st period - Snap shot by Cam Atkinson.
1:21 of 1st period - Deflect By Chris Higgins.
1:21 of 1st period - Shot Blocked by Stephane Robidas.
1:21 of 1st period - Puck is out of play.
1:22 of 1st period - Matt Stajan wins face-off versus Andrew Desjardins in Sabres zone.
1:41 of 1st period - Wrist shot by Cam Atkinson.
1:41 of 1st period - Stopped by Josh Harding with a rebound.
1:43 of 1st period - Wrist shot by Cam Atkinson.
1:43 of 1st period - Shot Misses the Net.
1:45 of 1st period - Wrist shot by Andrew Desjardins.
1:45 of 1st period - Deflect By Cam Atkinson.
1:45 of 1st period - Stopped by Josh Harding with a rebound.
2:15 of 1st period - Wrist shot by Johan Franzen.
2:15 of 1st period - Shot Misses the Net.
2:17 of 1st period - Snap shot by Anders Lee.
2:17 of 1st period - Deflect By Johan Franzen.
2:17 of 1st period - Stopped by Josh Harding with a rebound.
3:07 of 1st period - Slapshot by Sidney Crosby.
3:07 of 1st period - Stopped by Frederik Andersen with a rebound.
3:09 of 1st period - Slapshot by Eric Brewer.
3:09 of 1st period - Deflect By David Perron.
3:09 of 1st period - Shot Blocked by Matt Donovan.
3:09 of 1st period - Puck is out of play.
3:10 of 1st period - Sean Couturier wins face-off versus Will Acton in Blues zone.
3:10 of 1st period - Sean Couturier is hit by Will Acton.
3:22 of 1st period - Will Acton is hit by Kevan Miller and loses puck.
4:13 of 1st period - Snap shot by Cam Atkinson.
4:13 of 1st period - Stopped by Josh Harding with a rebound.
4:15 of 1st period - Slapshot by Hampus Lindholm.
4:15 of 1st period - Shot Misses the Net.
4:17 of 1st period - Slapshot by Hampus Lindholm.
4:17 of 1st period - Stopped by Josh Harding with a rebound.
4:43 of 1st period - Wrist shot by Rick Nash.
4:43 of 1st period - Shot Blocked by Alex Pietrangelo.
4:45 of 1st period - Snap shot by Rick Nash.
4:45 of 1st period - Stopped by Josh Harding with a rebound.
5:14 of 1st period - Rick Nash is hit by Steven Stamkos and loses puck.
5:27 of 1st period - Snap shot by Henrik Zetterberg.
5:27 of 1st period - Shot Blocked by Hampus Lindholm.
5:29 of 1st period - Snap shot by Henrik Zetterberg.
5:29 of 1st period - Stopped by Frederik Andersen with a rebound.
5:31 of 1st period - Slapshot by Eric Brewer.
5:31 of 1st period - Deflect By Gustav Nyquist.
5:31 of 1st period - Goal by Gustav Nyquist - Blues : 0 - Sabres : 1.
5:32 of 1st period - Will Acton wins face-off versus Sean Couturier in neutral zone.
5:40 of 1st period - Off-side.
5:41 of 1st period - Sean Couturier wins face-off versus Will Acton in neutral zone.
5:46 of 1st period - Slapshot by Johan Franzen.
5:46 of 1st period - Stopped by Josh Harding without a rebound.
5:47 of 1st period - Johan Franzen wins face-off versus Will Acton in Sabres zone.
6:37 of 1st period - Slapshot by Zdeno Chara.
6:37 of 1st period - Stopped by Josh Harding with a rebound.
6:55 of 1st period - Josh Gorges is hit by Sidney Crosby and loses puck.
7:04 of 1st period - Snap shot by Sidney Crosby.
7:04 of 1st period - Shot Misses the Net.
7:38 of 1st period - Snap shot by Gustav Nyquist.
7:38 of 1st period - Goal by Gustav Nyquist - Blues : 0 - Sabres : 2.
7:39 of 1st period - Matt Stajan wins face-off versus Sean Couturier in neutral zone.
8:00 of 1st period - Slapshot by Tomas Tatar.
8:00 of 1st period - Shot Misses the Net.
8:02 of 1st period - Backhand shot by Sean Couturier.
8:02 of 1st period - Blues goal is going for a video replay.
8:02 of 1st period - The goal is refused. The puck has deflected directly into the net off by an official..
8:03 of 1st period - Steve Ott wins face-off versus Steven Stamkos in Sabres zone.
8:06 of 1st period - Backhand shot by Rick Nash.
8:06 of 1st period - Goal by Rick Nash - Blues : 1 - Sabres : 2.
8:07 of 1st period - Steven Stamkos wins face-off versus Blair Jones in neutral zone.
8:16 of 1st period - Wrist shot by Henrik Zetterberg.
8:16 of 1st period - Shot Blocked by Zdeno Chara.
8:30 of 1st period - Slapshot by Steven Stamkos.
8:30 of 1st period - Stopped by Frederik Andersen with a rebound.
9:57 of 1st period - Snap shot by Matt Stajan.
9:57 of 1st period - Shot Misses the Net.
9:59 of 1st period - Slapshot by Dwight King.
9:59 of 1st period - Shot Blocked by Bryan Allen.
10:15 of 1st period - Minor Penalty to Bryan Allen for Hooking.
10:16 of 1st period - Sidney Crosby wins face-off versus Sean Couturier in Blues zone.
10:57 of 1st period - Kevan Miller is hit by Gustav Nyquist and loses puck.
12:08 of 1st period - Mark Fayne is hit by Gustav Nyquist and loses puck.
12:15 of 1st period - Penalty to Bryan Allen is over, Bryan Allen is back on ice.
12:28 of 1st period - Blair Jones is hit by Eric Brewer and loses puck.
12:51 of 1st period - Snap shot by Chris Higgins.
12:51 of 1st period - Stopped by Frederik Andersen with a rebound.
13:27 of 1st period - Slapshot by Alex Pietrangelo.
13:27 of 1st period - Stopped by Frederik Andersen without a rebound.
13:28 of 1st period - Sidney Crosby wins face-off versus Andrew Desjardins in Blues zone.
13:37 of 1st period - Snap shot by Sidney Crosby.
13:37 of 1st period - Stopped by Frederik Andersen with a rebound.
13:39 of 1st period - Slapshot by Alex Pietrangelo.
13:39 of 1st period - Shot Misses the Net.
13:41 of 1st period - Slapshot by Alex Pietrangelo.
13:41 of 1st period - Stopped by Frederik Andersen with a rebound.
13:43 of 1st period - Slapshot by David Perron.
13:43 of 1st period - Shot Misses the Net.
13:59 of 1st period - Backhand shot by Henrik Zetterberg.
13:59 of 1st period - Stopped by Frederik Andersen without a rebound.
14:00 of 1st period - Steven Stamkos wins face-off versus Sean Couturier in Blues zone.
14:04 of 1st period - Slapshot by Jay Bouwmeester.
14:04 of 1st period - Stopped by Frederik Andersen without a rebound.
14:05 of 1st period - Steven Stamkos wins face-off versus Sean Couturier in Blues zone.
14:52 of 1st period - Wrist shot by Marc-Andre Cliche.
14:52 of 1st period - Stopped by Frederik Andersen without a rebound.
14:53 of 1st period - Steve Ott wins face-off versus Will Acton in Blues zone.
15:02 of 1st period - Wrist shot by Artem Anisimov.
15:02 of 1st period - Stopped by Josh Harding without a rebound.
15:03 of 1st period - Andrew Desjardins wins face-off versus Sidney Crosby in Sabres zone.
15:14 of 1st period - Snap shot by Cam Atkinson.
15:14 of 1st period - Stopped by Josh Harding with a rebound.
15:22 of 1st period - Wrist shot by David Perron.
15:22 of 1st period - Shot Misses the Net.
15:39 of 1st period - Slapshot by David Perron.
15:39 of 1st period - Goal by David Perron - Blues : 1 - Sabres : 3.
15:40 of 1st period - Steven Stamkos wins face-off versus Steve Ott in neutral zone.
15:47 of 1st period - Slapshot by Henrik Zetterberg.
15:47 of 1st period - Stopped by Frederik Andersen with a rebound.
15:53 of 1st period - Snap shot by Henrik Zetterberg.
15:53 of 1st period - Shot Misses the Net.
15:55 of 1st period - Slapshot by Henrik Zetterberg.
15:55 of 1st period - Goal by Henrik Zetterberg - Blues : 1 - Sabres : 4.
15:55 of 1st period - Henrik Lundqvist enters game.
15:56 of 1st period - Sidney Crosby wins face-off versus Johan Franzen in neutral zone.
16:03 of 1st period - Slapshot by Sidney Crosby.
16:03 of 1st period - Stopped by Henrik Lundqvist without a rebound.
16:04 of 1st period - Sean Couturier wins face-off versus Sidney Crosby in Blues zone.
17:38 of 1st period - Mark Fayne is hit by Matt Stajan.
17:50 of 1st period - Bryan Allen is hit by Alex Pietrangelo and loses puck.
18:11 of 1st period - Cam Atkinson is hit by Dwight King and loses puck.
18:42 of 1st period - Snap shot by Jay Bouwmeester.
18:42 of 1st period - Shot Blocked by Bryan Allen.
19:07 of 1st period - Snap shot by Blake Wheeler.
19:07 of 1st period - Shot Hit the Post.
19:09 of 1st period - Backhand shot by Stephane Robidas.
19:09 of 1st period - Stopped by Henrik Lundqvist with a rebound.
Goals for this period are 1 for Blues vs 4 for Sabres.
Shots for this period are 12 for Blues vs 21 for Sabres.

2nd period


0:01 of 2nd period - Johan Franzen wins face-off versus Sidney Crosby in neutral zone.
0:06 of 2nd period - Snap shot by Tomas Tatar.
0:06 of 2nd period - Shot Blocked by Sidney Crosby.
0:54 of 2nd period - Wrist shot by Gustav Nyquist.
0:54 of 2nd period - Stopped by Henrik Lundqvist without a rebound.
0:55 of 2nd period - Steven Stamkos wins face-off versus Steve Ott in Blues zone.
2:02 of 2nd period - Wrist shot by Cam Atkinson.
2:02 of 2nd period - Shot Misses the Net.
2:04 of 2nd period - Snap shot by Brandon Saad.
2:04 of 2nd period - Deflect By Cam Atkinson.
2:04 of 2nd period - Shot Misses the Net.
2:04 of 2nd period - Puck is out of play.
2:05 of 2nd period - Sidney Crosby wins face-off versus Andrew Desjardins in Sabres zone.
2:20 of 2nd period - Snap shot by Blake Wheeler.
2:20 of 2nd period - Shot Blocked by Bryan Allen.
2:26 of 2nd period - Snap shot by Brandon Saad.
2:26 of 2nd period - Shot Blocked by Brooks Orpik.
2:28 of 2nd period - Snap shot by Andrew Desjardins.
2:28 of 2nd period - Stopped by Josh Harding without a rebound.
2:29 of 2nd period - Will Acton wins face-off versus Sean Couturier in Sabres zone.
2:37 of 2nd period - Off-side.
2:38 of 2nd period - Will Acton wins face-off versus Sean Couturier in neutral zone.
3:18 of 2nd period - Minor Penalty to Steve Downie for Hooking.
3:19 of 2nd period - Matt Stajan wins face-off versus Rick Nash in Sabres zone.
4:26 of 2nd period - Slapshot by Anders Lee.
4:26 of 2nd period - Stopped by Josh Harding without a rebound.
4:27 of 2nd period - Matt Stajan wins face-off versus Anders Lee in Sabres zone.
5:18 of 2nd period - Penalty to Steve Downie is over, Steve Downie is back on ice.
5:33 of 2nd period - Stephane Robidas is hit by Johan Franzen and loses puck.
5:46 of 2nd period - Josh Gorges is hit by Henrik Zetterberg and loses puck.
6:58 of 2nd period - Eric Brewer is hit by Hampus Lindholm and loses puck.
8:22 of 2nd period - Slapshot by Sidney Crosby.
8:22 of 2nd period - Shot Misses the Net.
8:24 of 2nd period - Slapshot by Jay Bouwmeester.
8:24 of 2nd period - Shot Blocked by Anders Lee.
9:48 of 2nd period - Slapshot by Rick Nash.
9:48 of 2nd period - Stopped by Josh Harding with a rebound.
10:07 of 2nd period - Off-side.
10:08 of 2nd period - Chris Higgins wins face-off versus Steve Ott in neutral zone.
10:17 of 2nd period - Snap shot by Matt Stajan.
10:17 of 2nd period - Shot Misses the Net.
10:53 of 2nd period - Slapshot by Henrik Zetterberg.
10:53 of 2nd period - Shot Misses the Net.
11:07 of 2nd period - Stephane Robidas is hit by Mark Fayne and loses puck.
11:14 of 2nd period - Mark Fayne is hit by Brooks Orpik and loses puck.
11:43 of 2nd period - Snap shot by Sidney Crosby.
11:43 of 2nd period - Shot Misses the Net.
11:45 of 2nd period - Slapshot by Jay Bouwmeester.
11:45 of 2nd period - Stopped by Henrik Lundqvist without a rebound.
11:46 of 2nd period - Steve Ott wins face-off versus Will Acton in Blues zone.
12:09 of 2nd period - Bryan Allen is hit by Eric Brewer and loses puck.
12:26 of 2nd period - Backhand shot by Brandon Saad.
12:26 of 2nd period - Stopped by Josh Harding with a rebound.
12:48 of 2nd period - Dwight King is hit by Bryan Allen and loses puck.
12:57 of 2nd period - Wrist shot by Dwight King.
12:57 of 2nd period - Shot Blocked by Bryan Allen.
12:59 of 2nd period - Slapshot by Stephane Robidas.
12:59 of 2nd period - Shot Misses the Net.
13:01 of 2nd period - Slapshot by Matt Stajan.
13:01 of 2nd period - Shot Blocked by Cam Atkinson.
13:53 of 2nd period - Tomas Tatar is hit by David Perron and loses puck.
14:30 of 2nd period - Snap shot by Johan Franzen.
14:30 of 2nd period - Stopped by Josh Harding without a rebound.
14:31 of 2nd period - Blair Jones wins face-off versus Will Acton in Sabres zone.
14:56 of 2nd period - Slapshot by Jay Bouwmeester.
14:56 of 2nd period - Shot Blocked by Josh Gorges.
15:24 of 2nd period - Andrew Desjardins is hit by Eric Brewer.
15:31 of 2nd period - Minor Penalty to Matt Stajan for High sticking.
15:32 of 2nd period - Sean Couturier wins face-off versus Will Acton in Sabres zone.
16:57 of 2nd period - Slapshot by Tomas Tatar.
16:57 of 2nd period - Stopped by Josh Harding with a rebound.
16:59 of 2nd period - Slapshot by Zdeno Chara.
16:59 of 2nd period - Shot Blocked by Jay Bouwmeester.
17:15 of 2nd period - Jay Bouwmeester is hit by Zdeno Chara and loses puck.
17:28 of 2nd period - Snap shot by Henrik Zetterberg.
17:28 of 2nd period - Stopped by Henrik Lundqvist with a rebound.
17:31 of 2nd period - Penalty to Matt Stajan is over, Matt Stajan is back on ice.
18:18 of 2nd period - Minor Penalty to Sidney Crosby for Roughing.
18:19 of 2nd period - Anders Lee wins face-off versus Will Acton in Sabres zone.
18:20 of 2nd period - Wrist shot by Tomas Tatar.
18:20 of 2nd period - Shot Blocked by Jay Bouwmeester.
18:22 of 2nd period - Snap shot by Johan Franzen.
18:22 of 2nd period - Shot Misses the Net.
18:24 of 2nd period - Slapshot by Matt Donovan.
18:24 of 2nd period - Stopped by Josh Harding with a rebound.
18:26 of 2nd period - Slapshot by Matt Donovan.
18:26 of 2nd period - Goal by Matt Donovan - Blues : 2 - Sabres : 4.
18:27 of 2nd period - Andrew Desjardins wins face-off versus Steven Stamkos in neutral zone.
19:00 of 2nd period - Bryan Allen is hit by Henrik Zetterberg and loses puck.
19:47 of 2nd period - Josh Gorges is hit by Sidney Crosby and loses puck.
Goals for this period are 1 for Blues vs 0 for Sabres.
Shots for this period are 8 for Blues vs 3 for Sabres.

3rd period


0:01 of 3rd period - Sean Couturier wins face-off versus Henrik Zetterberg in neutral zone.
0:04 of 3rd period - Jay Bouwmeester is hit by Johan Franzen and loses puck.
0:30 of 3rd period - Icing by Jay Bouwmeester.
0:31 of 3rd period - Steve Ott wins face-off versus Steven Stamkos in Sabres zone.
0:50 of 3rd period - Snap shot by Rick Nash.
0:50 of 3rd period - Stopped by Josh Harding with a rebound.
1:02 of 3rd period - Slapshot by Sidney Crosby.
1:02 of 3rd period - Stopped by Henrik Lundqvist without a rebound.
1:03 of 3rd period - Sidney Crosby wins face-off versus Sean Couturier in Blues zone.
1:06 of 3rd period - Backhand shot by Blake Wheeler.
1:06 of 3rd period - Shot Misses the Net.
1:41 of 3rd period - Slapshot by Sidney Crosby.
1:41 of 3rd period - Shot Blocked by Tomas Tatar.
1:47 of 3rd period - Minor Penalty to Kevan Miller for Hooking.
1:48 of 3rd period - Henrik Zetterberg wins face-off versus Steve Ott in Blues zone.
1:55 of 3rd period - Jay Bouwmeester is hit by Steve Ott and loses puck.
2:09 of 3rd period - Snap shot by Johan Franzen.
2:09 of 3rd period - Stopped by Josh Harding without a rebound.
2:10 of 3rd period - Sidney Crosby wins face-off versus Sean Couturier in Sabres zone.
3:03 of 3rd period - Brooks Orpik is hit by Brandon Saad and loses puck.
3:12 of 3rd period - Slapshot by Alec Martinez.
3:12 of 3rd period - Deflect By Henrik Zetterberg.
3:12 of 3rd period - Shot Misses the Net.
3:12 of 3rd period - Puck is out of play.
3:13 of 3rd period - Henrik Zetterberg wins face-off versus Sean Couturier in Blues zone.
3:16 of 3rd period - Wrist shot by Blake Wheeler.
3:16 of 3rd period - Goal by Blake Wheeler - Blues : 2 - Sabres : 5.
3:17 of 3rd period - Steve Ott wins face-off versus Steven Stamkos in neutral zone.
3:23 of 3rd period - Snap shot by Rick Nash.
3:23 of 3rd period - Stopped by Josh Harding without a rebound.
3:24 of 3rd period - Steve Ott wins face-off versus Steven Stamkos in Sabres zone.
3:31 of 3rd period - Eric Brewer is hit by Steve Ott and loses puck.
4:20 of 3rd period - Wrist shot by Sidney Crosby.
4:20 of 3rd period - Deflect By Sean Couturier.
4:20 of 3rd period - Shot Hit the Post.
4:20 of 3rd period - Puck is out of play.
4:21 of 3rd period - Sidney Crosby wins face-off versus Sean Couturier in Blues zone.
4:22 of 3rd period - Backhand shot by David Perron.
4:22 of 3rd period - Shot Misses the Net.
4:36 of 3rd period - Wrist shot by David Perron.
4:36 of 3rd period - Shot Blocked by Zdeno Chara.
4:38 of 3rd period - Slapshot by Alex Pietrangelo.
4:38 of 3rd period - Shot Misses the Net.
4:40 of 3rd period - Snap shot by Brooks Orpik.
4:40 of 3rd period - Shot Blocked by Zdeno Chara.
4:42 of 3rd period - Slapshot by Brooks Orpik.
4:42 of 3rd period - Deflect By David Perron.
4:42 of 3rd period - Stopped by Henrik Lundqvist with a rebound.
4:44 of 3rd period - Slapshot by Alex Pietrangelo.
4:44 of 3rd period - Shot Misses the Net.
4:46 of 3rd period - Snap shot by Blake Wheeler.
4:46 of 3rd period - Shot Misses the Net.
4:48 of 3rd period - Slapshot by Alex Pietrangelo.
4:48 of 3rd period - Shot Blocked by Tomas Tatar.
4:50 of 3rd period - Wrist shot by Blake Wheeler.
4:50 of 3rd period - Stopped by Henrik Lundqvist with a rebound.
5:51 of 3rd period - Zdeno Chara is hit by Gustav Nyquist and loses puck.
6:25 of 3rd period - Snap shot by Rick Nash.
6:25 of 3rd period - Shot Misses the Net.
6:27 of 3rd period - Wrist shot by Artem Anisimov.
6:27 of 3rd period - Stopped by Josh Harding with a rebound.
6:29 of 3rd period - Snap shot by Josh Gorges.
6:29 of 3rd period - Shot Blocked by Eric Brewer.
6:31 of 3rd period - Slapshot by Josh Gorges.
6:31 of 3rd period - Stopped by Josh Harding with a rebound.
6:33 of 3rd period - Snap shot by Rick Nash.
6:33 of 3rd period - Stopped by Josh Harding with a rebound.
7:02 of 3rd period - Icing by Hampus Lindholm.
7:03 of 3rd period - Blair Jones wins face-off versus Sidney Crosby in Blues zone.
7:03 of 3rd period - Blair Jones is hit by Sidney Crosby.
7:17 of 3rd period - Mark Fayne is hit by Sidney Crosby and loses puck.
8:54 of 3rd period - Artem Anisimov is hit by Steve Downie and loses puck.
10:16 of 3rd period - Bryan Allen is hit by Henrik Zetterberg and loses puck.
10:46 of 3rd period - Snap shot by Chris Higgins.
10:46 of 3rd period - Stopped by Henrik Lundqvist without a rebound.
10:47 of 3rd period - Sean Couturier wins face-off versus Will Acton in Blues zone.
11:17 of 3rd period - Snap shot by Rick Nash.
11:17 of 3rd period - Stopped by Josh Harding with a rebound.
11:19 of 3rd period - Snap shot by Steve Ott.
11:19 of 3rd period - Shot Blocked by Alex Pietrangelo.
11:21 of 3rd period - Snap shot by Artem Anisimov.
11:21 of 3rd period - Shot Misses the Net.
11:23 of 3rd period - Backhand shot by Mark Fayne.
11:23 of 3rd period - Shot Misses the Net.
11:46 of 3rd period - Slapshot by Sean Couturier.
11:46 of 3rd period - Stopped by Josh Harding without a rebound.
11:47 of 3rd period - Steven Stamkos wins face-off versus Sean Couturier in Sabres zone.
12:44 of 3rd period - Snap shot by Rick Nash.
12:44 of 3rd period - Shot Misses the Net.
12:46 of 3rd period - Wrist shot by Steve Ott.
12:46 of 3rd period - Deflect By Rick Nash.
12:46 of 3rd period - Stopped by Josh Harding without a rebound.
12:47 of 3rd period - Steve Ott wins face-off versus Sidney Crosby in Sabres zone.
13:23 of 3rd period - Wrist shot by Sidney Crosby.
13:23 of 3rd period - Stopped by Henrik Lundqvist with a rebound.
13:31 of 3rd period - Stephane Robidas is hit by Blair Jones and loses puck.
14:43 of 3rd period - Snap shot by Steve Downie.
14:43 of 3rd period - Stopped by Henrik Lundqvist with a rebound.
15:01 of 3rd period - Slapshot by Jay Bouwmeester.
15:01 of 3rd period - Shot Blocked by Artem Anisimov.
15:51 of 3rd period - Gustav Nyquist is hit by Kevan Miller and loses puck.
16:04 of 3rd period - Snap shot by Henrik Zetterberg.
16:04 of 3rd period - Shot Misses the Net.
16:32 of 3rd period - Artem Anisimov is hit by Alex Pietrangelo and loses puck.
16:51 of 3rd period - Slapshot by Johan Franzen.
16:51 of 3rd period - Deflect By Sean Couturier.
16:51 of 3rd period - Stopped by Josh Harding without a rebound.
16:52 of 3rd period - Sidney Crosby wins face-off versus Sean Couturier in Sabres zone.
19:40 of 3rd period - Hampus Lindholm is hit by Chris Higgins and loses puck.
19:51 of 3rd period - Snap shot by Chris Higgins.
19:51 of 3rd period - Shot Misses the Net.
19:53 of 3rd period - Wrist shot by Dwight King.
19:53 of 3rd period - Stopped by Henrik Lundqvist with a rebound.
Goals for this period are 0 for Blues vs 1 for Sabres.
Shots for this period are 10 for Blues vs 8 for Sabres.


Output by the SimonT Hockey Simulator (STHS) for Eric Dolegowski -- Original Page W3C XHTML 1.0 Valid
Hockey Simulator - Hockey Simulation - Hockey Manager